 Dungeon Crawl Stone Soup version 0.28.0 (webtiles) character file.

Game seed: 9407805074348510288

39 Descartes the Grasshopper (level 3, 0/28 HPs)
             Began as a Formicid Warper on Feb 7, 2022.
             Succumbed to an adder's poison
             ... on level 2 of the Dungeon.
             The game lasted 00:03:43 (1985 turns).

Descartes the Grasshopper (Formicid Warper)         Turns: 1985, Time: 00:03:44

Health: 0/28       AC:  3    Str: 14 (17) XL:     3   Next: 70%
Magic:  6/6        EV: 11    Int:  9 (12) God:
Gold:   49         SH:  0    Dex:  9 (10) Spells: 7/7 levels left

rFire   . . .      SeeInvis +   a - +0 hand axe
rCold   . . .      Faith    .   (no shield)
rNeg    . . .      Spirit   .   b - +0 leather armour
rPois   .          Reflect  .   (helmet unavailable)
rElec   .          Harm     .   (no cloak)
rCorr   .          Rampage  .   (no gloves)
Will    .....                   (no boots)
Stlth   +.........              (no amulet)
HPRegen 0.09/turn               (no ring)
MPRegen 0.10/turn               (no ring)

@: lethally poisoned (0 -> -7)
A: permanent stasis, dig shafts and tunnels, antennae 3, four strong arms
a: Dig, Shaft Self


You were on level 2 of the Dungeon.
You visited 1 branch of the dungeon, and saw 2 of its levels.

You collected 49 gold pieces.

Inventory:

Hand Weapons
 a - a +0 hand axe (weapon)
Missiles
 c - 5 boomerangs of dispersal (quivered)
 e - 5 poisoned darts
 g - 20 arrows
 l - 26 bolts
Armour
 b - a +0 leather armour (worn)
Scrolls
 d - a scroll of enchant weapon {unknown}
 h - a scroll of enchant armour {unknown}
 i - a scroll of summoning {unknown}
 j - a scroll of fog {unknown}
 k - 3 scrolls of identify {unknown}


   Skills:
 + Level 2.4 Fighting
 + Level 2.4 Axes
 + Level 1.3 Throwing
 + Level 1.6 Armour
 - Level 2.0 Dodging
 + Level 2.5 Spellcasting
 + Level 2.9 Translocations


You had 7 spell levels left.
You didn't know any spells.
Your spell library contained the following spells:

 Spells                   Type           Power      Damage    Failure   Level
 Gell's Gravitas          Tloc           6%         N/A       34%         3
 Lesser Beckoning         Tloc           6%         N/A       34%         3
 Teleport Other           Tloc           6%         N/A       34%         3
 Manifold Assault         Tloc           6%         N/A       97%         5
 Blink                    Tloc           Unusable   N/A       N/A         2

Dungeon Overview and Level Annotations

Branches:
Dungeon (2/15)

Altars:


Innate Abilities, Weirdness & Mutations

You cannot be hasted, slowed, berserked, paralysed or teleported.
You can dig through walls and to a lower floor.
You have a pair of large antennae on your head. (SInv)
Your four strong arms can wield two-handed weapons with a shield.


Message History

You are too injured to fight recklessly!
You are too injured to fight recklessly!
You are too injured to fight recklessly!
You are too injured to fight recklessly!
You are too injured to fight recklessly!
You are too injured to fight recklessly!
You are too injured to fight recklessly!
You are too injured to fight recklessly!
It was a potion of degeneration.
There was something very wrong with that liquid.
You feel weakened.
You feel dopey.
You feel clumsy.
You feel sick. The adder completely misses you.
It was a potion of haste.
Your stasis prevents you from being hasted.
You feel sick.
You are no longer poisoned.
The adder bites you but does no damage.
You barely miss the adder.
The adder is moderately wounded.
The adder bites you.
* * * LOW HITPOINT WARNING * * *
The adder closely misses you.
You miss the adder.
The adder is moderately wounded.
The adder bites you.
* * * LOW HITPOINT WARNING * * *
The adder bites you.
* * * LOW HITPOINT WARNING * * *
You are poisoned.
The adder poisons you!
You closely miss the adder.
The adder is moderately wounded.
* * * LOW HITPOINT WARNING * * *
You feel sick. The adder bites you.
* * * LOW HITPOINT WARNING * * *
You are more poisoned.
The adder poisons you!
You miss the adder.
The adder is moderately wounded.
You die...

.....# #.# ...#.# #.#
..##.# #.# #.....
########.# #.##.#
.......#.# #.##K#
#.####.#.# #.##S# #.#
##.#.####.##@##.#
#.###...............#
#.............##.####
...##...########.#
#..###.## #.# #..#
#.# #.# #..###.#####
#.# ...†........ ..#
#..#.##.### ##


You could see an adder and a kobold.

Vanquished Creatures
  3 endoplasms
  3 giant cockroaches (D:1)
  3 goblins (D:1)
  6 hobgoblins (D:1)
  4 jackals (D:2)
  2 quokkas
  4 ball pythons (D:1)
  3 bats (D:1)
  A frilled lizard (D:1)
  4 kobolds
33 creatures vanquished.

Vanquished Creatures (others)
  22 plants (D:1)
22 creatures vanquished.

Grand Total: 55 creatures vanquished

Notes
Turn   | Place    | Note
-------+----------+-------------------------------------------
     0 | D:1      | Descartes the Formicid Warper began the quest for the Orb.
     0 | D:1      | Reached XP level 1. HP: 16/16 MP: 3/3
   290 | D:1      | Reached XP level 2. HP: 18/22 MP: 5/5
   991 | D:1      | Reached XP level 3. HP: 23/28 MP: 6/6
  1634 | D:1      | Found a faded altar of an unknown god.
  1985 | D:2      | Succumbed to an adder's poison

Illustrated notes

Levels and vault maps discovered:
D:1:      roderic_crop_circles_arrival_small, layout_loops_ring, serial_forest,
          infiniplex_forest_split, infiniplex_forest_lined_room_3,
          infiniplex_forest_zigzag_2, infiniplex_forest_lined_corner,
          infiniplex_forest_straight_4, infiniplex_forest_diagonal,
          infiniplex_forest_clump_long, infiniplex_forest_straight_4,
          infiniplex_forest_lined_2, basic_ecumenical_altar
D:2:      layout_loops_ring, serial_shops, nicolae_shop_waterfront,
          st_stairs_12, chequers_serial_rivers_micro_a

Skill      XL: |  1  2  3 |
---------------+----------+-----
Dodging        | 2 |  2.0
Fighting       | |  2.4
Axes           | |  2.4
Throwing       | |  1.3
Armour         | |  1.6
Spellcasting   | |  2.5
Translocations | |  2.9

Action                   || total
-------------------------++-------
Melee: Hand axe          ||   131
       Punch             ||     1
  Use: Potion            ||     2
Armor: Leather armour    ||    32
Dodge: Dodged            ||    71
